Elrinda, chaotic female elven Priestess ---- ---- |..| |..-- ---- ---..| |*..| --------- --..-- |....| --...-- --...|.|.----....-- ---.|..| ------------ |...>.| --.........|.....*.--- |...|..| |..........| ---.|.--- -----....................| ---...|..| |...------.---- |...|.| --.|....^.................| |........-- |.....| |....----.--|.| |....------...............----.--......-- |.....| --....|...| |.| --...| |..................%.....<....| ---...| |....|.--- |.| ----- --.................--%....[....-- ---.--- --.....| |.--- --.................--|........%..-- |...| |.|.--- |...| --.................-|--...(.)....).| ---.---|.|.| ---.--- ----..........)........||.....--)--.|[--- |....||.|.| |...| ----|.............---.....------.--|.---|.).| |-.|.||...-- ---.--- --..--....^........| --...-- --- |..| |--.----..|.|---..| |...| |..................| --...| |..| |.|......d..|..|..| ---.--- |.....--....---....| |..-- ---- |.).gG).@......|--- |...| ---.--------- |...-- ---- --.....q---..).| --..| --- ----- ----.--- ----.| |..| --- --- ---- Elrinda the Adept Experience level: 9 Strength: 18 Dexterity: 14 Constitution: 17 Intelligence: 10 Wisdom: 19 Charisma: 10 Health: 0(58) Energy: 130(130) Def: 12 Gold: 26 Moves: 14269 Dungeon seed: LTbGeyD8YTefXmRg Game ID: Elrinda_1476572070 Your Inventory: Coins $ - 26 gold pieces Weapons a - a blessed +1 mace (weapon in hand) l - a blessed +2 dagger s - a blessed +3 dagger K - a blessed +0 dagger (in quiver) Armor k - a blessed +3 orcish helm (being worn) n - a +0 small shield (being worn) z - a +0 dwarvish cloak (being worn) D - a +0 pair of jumping boots (being worn) E - a +1 pair of gauntlets of dexterity (being worn) Comestibles d - a sprig of wolfsbane p - 2 fortune cookies u - 2 lizard corpses I - 11 meatballs Scrolls i - a scroll of teleportation Spellbooks t - a blessed spellbook of cause fear Potions h - a potion of gain ability Rings L - a +1 ring of gain constitution (on left hand) Wands A - a blessed wand of fire (0:3) C - a wand of sleep (0:5) N - a wand of digging (0:2) Tools b - a blessed bag of holding g - 2 tallow candles (0:200) j - a credit card G - a pair of lenses (being worn) O - an oil lamp (0:1004) T - a lock pick V - a blindfold W - an oilskin sack Gems e - a worthless piece of yellowish brown glass q - a worthless piece of red glass r - a luckstone x - 3 worthless pieces of green glass y - a worthless piece of black glass Contents of the bag of holding: 3038 gold pieces 5 +0 daggers a blessed +0 elven mithril-coat a +0 mummy wrapping a clove of garlic 5 food rations a lichen corpse 10 meatballs a slime mold a scroll of amnesia a cursed scroll of blank paper 2 scrolls of enchant weapon a scroll of food detection 2 scrolls of genocide a scroll of gold detection 2 scrolls of identify a cursed scroll of identify a scroll of light 2 scrolls of magic mapping 2 scrolls of teleportation 2 cursed scrolls of teleportation a spellbook of invisibility a cursed spellbook of magic missile a spellbook of remove curse a cursed potion of blindness 2 blessed potions of extra healing a potion of extra healing a cursed potion of extra healing a cursed potion of fruit juice 2 potions of full healing a potion of gain energy a cursed potion of gain energy a potion of hallucination 2 potions of healing a potion of levitation a potion of monster detection a potion of object detection a potion of oil a potion of paralysis a potion of restore ability a cursed potion of restore ability a potion of sleeping a potion of water a cursed ring of hunger a ring of slow digestion a wand of create monster (0:11) a wand of nothing (0:3) a brass lantern (0:1232) a cursed magic lamp a cursed magic lamp a cursed magic lamp a +0 pick-axe a blessed tallow candle (0:200) a tallow candle (0:200) a cursed tallow candle (0:200) 2 blessed wax candles (0:400) a wax candle (0:400) a black opal a touchstone a turquoise stone 4 worthless pieces of black glass 3 worthless pieces of blue glass a worthless piece of red glass a worthless piece of violet glass a worthless piece of white glass a worthless piece of yellow glass Spells and supernatural/magical abilities: Name Level Category Fail Memory c - cause fear 3 enchantment 87% 99% h - healing 1 healing 3% 29% S - stone to flesh 3 healing 26% 29% T - turn undead 6 clerical 100% 67% W - pray for help -- divine ? -- X - turn undead -- divine ? -- Y - supernatural jump -- ability ? -- Your skills at the end: Fighting Skills wands [Basic] Weapon Skills mace [Expert] Spellcasting Skills healing spells [Basic] clerical spells [Basic] Final Attributes: You were piously aligned. You were cold resistant. You were sleep resistant. You saw invisible. You were telepathic. You had infravision. You could jump. You were protected. You were lucky. You had extra luck. Bad luck did not time out for you. Good luck did not time out for you. You are dead. Vanquished creatures: a large mimic a wumpus a djinni a gelatinous cube a dwarf king a tengu a python a leather golem a cockatrice 7 winter wolf cubs a spotted jelly 30 leprechauns an orc-captain an iron piercer 2 mumakil a giant spider a horse a gnome king 2 owlbears a gold golem 4 lizards a dog a jaguar 3 dwarf lords 2 blue jellies 3 gnome mummies a snake an ape a human zombie 2 rope golems 2 soldier ants an imp 3 wood nymphs a water nymph 8 Mordor orcs 2 Uruk-hai 3 orc shamans 3 rock piercers 3 rock moles a pony 4 fog clouds 4 yellow lights a shrieker 3 violet fungi 15 gnome lords 2 gnomish wizards 4 kobold mummies a guardian naga hatchling 3 gray oozes an elf zombie 3 ghouls 3 straw golems 4 giant ants 2 little dogs 3 floating eyes 17 dwarves a homunculus a kobold lord 3 kobold shamans 22 hill orcs 7 rothes 4 rabid rats 3 centipedes 3 giant bats 2 monkeys 6 orc zombies a dwarf zombie a wererat 7 iguanas 3 acid blobs 5 coyotes a gas spore 9 hobbits a large kobold a hobgoblin 5 giant rats 9 cave spiders a yellow mold a red mold 53 gnomes 4 garter snakes 10 geckos 11 jackals 3 foxes 4 kobolds 3 goblins 10 sewer rats 6 grid bugs 8 bats 10 lichens 2 kobold zombies 12 newts 406 creatures vanquished. Voluntary challenges: You had been an atheist until turn 3759. You used a wielded weapon 527 times, starting on turn 339. You read items or engraved 109 times, starting on turn 209. You never genocided any monsters. You never polymorphed an object. You changed form 1 time, starting on turn 13736. You used no wishes. You never split a pudding. You wrote Elbereth's name 24 times, starting on turn 217. You violated your moral code, losing 13 points of alignment, starting on turn 808. Dungeon overview: The Dungeons of Doom: levels 1 to 11 Level 1 a fountain a long staircase Level 2 an armor shop stairs to The Gnomish Mines Level 3 a fountain, a sink Level 4 a fountain Level 5 a fountain Level 6 a sink Level 7 some fountains Level 8 a fountain Level 9 many fountains Level 10 stairs to Sokoban Level 11 The Gnomish Mines: levels 3 to 10 Level 3 stairs to The Dungeons of Doom Level 4 Level 5 some shops, a temple to Lugh, some fountains Level 6 Level 7 Level 8 Level 9 <- You were here Level 10 Sokoban: Level 9 stairs to The Dungeons of Doom History has recorded: On T:1 you entered the Dungeons of Doom to retrieve the Amulet of Yendor! On T:349 you reached level 2 of The Dungeons of Doom. On T:625 you advanced to experience level 2. On T:955 you reached level 3 of The Dungeons of Doom. On T:1503 you reached level 1 of The Gnomish Mines. On T:1617 you reached level 4 of The Dungeons of Doom. On T:1710 you advanced to experience level 3. On T:2126 you reached level 5 of The Dungeons of Doom. On T:2632 you reached level 6 of The Dungeons of Doom. On T:2748 you advanced to experience level 4. On T:2895 you advanced to experience level 5. On T:3253 you reached level 7 of The Dungeons of Doom. On T:3349 you reached level 8 of The Dungeons of Doom. On T:3562 you advanced to experience level 6. On T:4314 you advanced to experience level 7. On T:5112 you reached level 2 of The Gnomish Mines. On T:6143 you reached level 3 of The Gnomish Mines. On T:8470 you advanced to experience level 8. On T:9643 you reached level 10 of The Dungeons of Doom. On T:9796 you reached level 4 of Sokoban. On T:9928 you advanced to experience level 9. On T:9938 you reached level 11 of The Dungeons of Doom. On T:10258 you reached level 9 of The Dungeons of Doom. On T:12771 you reached level 5 of The Gnomish Mines. On T:13241 you reached level 6 of The Gnomish Mines. On T:13750 you reached level 7 of The Gnomish Mines. On T:14195 you reached level 8 of The Gnomish Mines. Score breakdown: Gold: 3064 (11859 points) Experience: 9 levels (15756 points) Exploration: 11 levels ( 23.40%) (13987 points) Discoveries: 25 items ( 8.65%) ( 8823 points) Valuables value: (no points given unless you survive) Artifact value: 0 ( 0 points) Variety of kills: 92 monsters ( 24.02%) (14703 points) Turncount: 14269 turns (-2903 points) Survival: died (score multiplied by 80%) Total score: 49780 Latest messages: K - 5 blessed daggers (in quiver). The dagger hits the gremlin. Fido bites the gremlin. (2x) The dagger hits the gremlin. The gremlin misses Fido. (2x) The gremlin bites Fido. The gremlin misses Fido. Fido bites the gremlin. Fido misses the gremlin. You hear some noises nearby. (6x) The dagger misses the gremlin. You hear some noises nearby. (3x) You displace Fido. The dagger hits the gnome king. The mumak butts! You die... The oilskin sack is empty. The oilskin sack is empty. Final status: Goodbye Elrinda the Priestess, killed by a mumak... You died in The Gnomish Mines on dungeon level 9 with 49780 points, and 3064 pieces of gold, after 14269 moves. You were level 9 with a maximum of 58 hit points when you died.